 Dungeon Crawl Stone Soup version 0.20-a0-876-g2c7b0bf (webtiles) character file.

537 tarabluh the Cudgeler (level 7, -3/72 HPs)
             Began as an Ogre Hunter on Mar 15, 2017.
             Was a Follower of Trog.
             Slain by Grinder (7 damage)
             ... on level 5 of the Dungeon.
             The game lasted 00:08:51 (5349 turns).

tarabluh the Cudgeler (Ogre Hunter)                 Turns: 5349, Time: 00:08:51

Health: -3/72      AC:  4    Str: 17    XL:     7   Next: 25%
Magic:  7/7        EV: 10    Int: 14    God:    Trog [*.....]
Gold:   124        SH:  0    Dex: 12    Spells: 6/6 levels left

rFire    . . .     SeeInvis .   h - +0 giant spiked club
rCold    . . .     Gourm    .   b - +1 robe
rNeg     . . .     Faith    .   (shield currently unavailable)
rPois    .         Spirit   .   (helmet restricted)
rElec    .         Reflect  .   (no cloak)
rCorr    .         Harm     .   (gloves unavailable)
MR       .....                  (boots unavailable)
Stlth    +.........             (no amulet)
Regen    0.3/turn               m - ring of flight
MPRegen  0.1/turn               j - +3 ring of dexterity

@: exhausted, slowed, very slow
A: unfitting armour, tough skin 1
a: Berserk, Burn Spellbooks, Renounce Religion, Evoke Flight


You were on level 5 of the Dungeon.
You worshipped Trog.
Trog was aware of your devotion.
You were hungry.

You visited 1 branch of the dungeon, and saw 5 of its levels.
You also visited: Sewer.

You collected 124 gold pieces.

Inventory:

Hand Weapons
 h - a +0 giant spiked club (weapon)
 v - a +0 flail
Missiles
 c - 5 large rocks
 d - 2 throwing nets
 s - 92 stones (quivered)
Armour
 b - a +1 robe (worn)
 w - a +0 cloak
Jewellery
 j - a +3 ring of dexterity (left hand)
 m - a ring of flight (right hand)
 r - an uncursed ring of resist corrosion
Wands
 C - a wand of paralysis (4/24)
Scrolls
 e - 2 scrolls of identify
 n - a scroll of recharging
 x - 3 scrolls of random uselessness {unknown}
 y - 2 scrolls of teleportation
 A - a scroll of blinking {unknown}
 B - a scroll of magic mapping {unknown}
Potions
 a - a potion of mutation {unknown}
 i - 2 potions of agility
 l - 3 potions of curing {unknown}
 o - 2 potions of heal wounds
 q - 3 potions of flight {unknown}
 t - a potion of invisibility {unknown}
 u - a potion of resistance {unknown}
 z - 2 potions of might {unknown}
Comestibles
 f - 5 bread rations
 g - 4 chunks of flesh
 k - 2 meat rations
 p - 4 royal jellies


   Skills:
 - Level 5.1 Fighting
 * Level 5.9 Maces & Flails
 - Level 4.0 Throwing
 - Level 1.7 Dodging
 - Level 0.6 Stealth


You had 6 spell levels left.
You didn't know any spells.

Dungeon Overview and Level Annotations

Branches:
Dungeon (5/15)
 Temple: D:4-7

Altars:
Ashenzari
Makhleb
Okawaru
Trog

Annotations:
D:5 Grinder


Innate Abilities, Weirdness & Mutations

You are too large for most types of armour.
You have tough skin. (AC +1)


Message History

You writhe in agony.
* * * LOW HITPOINT WARNING * * *
Grinder gestures at you. Pain shoots through your body!
* * * LOW HITPOINT WARNING * * *
Grinder hits you.
* * * LOW HITPOINT WARNING * * *
You writhe in agony.
* * * LOW HITPOINT WARNING * * *
Grinder hits you!
* * * LOW HITPOINT WARNING * * *
You writhe in agony.
* * * LOW HITPOINT WARNING * * *
You can move again.
You closely miss Grinder.
Grinder is severely wounded.
You are no longer berserk.
You are exhausted.
You feel yourself slow down. Grinder hits you!
You die...

###. ... ...
#####.# #...#.#
#.#.#.#+####
#####+#...†......#
#......<..##.§%..#
#........@##.....#
#.........5'.....#
#.........##.....#
#...>.....# .....#
#.........# .....#
########### ###.##
#


You could see Grinder.

Vanquished Creatures
  An ogre (D:4)
  A big kobold (Sewer)
  A scorpion (D:4)
  A hound (D:4)
  A centaur skeleton (D:4)
  2 worker ants
  Robin (D:4)
  9 adders
  2 river rats (D:4)
  An ooze (D:4)
  10 worms
  A dart slug (D:1)
  4 leopard geckos
  2 orcs
  2 ball pythons (D:3)
  5 giant cockroaches
  4 hobgoblins
  3 jackals (D:3)
  10 kobolds
  A quokka (D:2)
  13 bats
  6 frilled lizards
  10 goblins
  A quokka skeleton (D:4)
  5 rats
97 creatures vanquished.

Notes
Turn   | Place    | Note
-------+----------+-------------------------------------------
     0 | D:1      | tarabluh the Ogre Hunter began the quest for the Orb.
     0 | D:1      | Reached XP level 1. HP: 22/22 MP: 1/1
   332 | D:1      | Reached XP level 2. HP: 28/32 MP: 2/2
  1039 | D:2      | Reached skill level 1 in Maces & Flails
  1274 | D:2      | Reached XP level 3. HP: 23/39 MP: 3/3
  2167 | D:2      | Reached XP level 4. HP: 43/48 MP: 4/4
  2809 | D:2      | Found a bloodstained altar of Trog.
  2923 | D:2      | Became a worshipper of Trog the Wrathful
  3475 | D:3      | Reached XP level 5. HP: 41/55 MP: 5/5
  3677 | D:4      | Noticed an ogre
  3685 | D:4      | Killed an ogre
  3685 | D:4      | Reached skill level 5 in Fighting
  3803 | D:4      | Found a shattered altar of Ashenzari.
  3803 | D:4      | Found a burning altar of Makhleb.
  3804 | D:4      | Found an iron altar of Okawaru.
  3850 | D:4      | Reached XP level 6. HP: 60/66 MP: 6/6
  3920 | D:4      | Noticed Robin
  4177 | D:4      | Reached * piety under Trog
  4198 | D:4      | Killed Robin
  4233 | D:4      | Found a glowing drain.
  4238 | Sewer    | Entered a sewer
  4248 | Sewer    | Reached skill level 5 in Maces & Flails
  4605 | Sewer    | Reached XP level 7. HP: 63/72 MP: 7/7
  5298 | D:5      | Entered Level 5 of the Dungeon
  5311 | D:5      | Noticed Grinder
  5330 | D:5      | Paralysed by Grinder for 4 turns
  5343 | D:5      | Paralysed by Grinder for 6 turns
  5348 | D:5      | HP: 5/108 [Grinder (5)]
  5349 | D:5      | Slain by Grinder

Vault maps used:
D:1:      nicolae_arrival_washed_ashore
D:2:      lightli_temple_of_fire
D:3:      grunt_decor_cap
D:4:      gammafunk_temple_overflow_claw, first_bread, gup_sewer_entry_spiral,
          uniq_robin
D:5:      minmay_temple_entry_nine_rooms, minmay_misc_feat_nine_boxes,
          vehumet_altar_wand_db, uniq_grinder
Sewer:    sewer_co_15_rooms

Skill      XL: |  1  2  3  4  5  6 |
---------------+-------------------+-----
Fighting       | 3 4 5 |  5.1
Maces & Flails | 1 2 3 4 5 |  5.9
Throwing       | |  4.0
Dodging        | |  1.7
Stealth        | |  0.6

Action                   |  1- 3 |  4- 6 |  7- 9 || total
-------------------------+-------+-------+-------++-------
Melee: Short sword       |    16 |       |       ||    16
       Mace              |   102 |    33 |       ||   135
       Flail             |       |    46 |       ||    46
       Giant spiked club |       |   103 |    54 ||   157
Throw: Stone             |     4 |       |       ||     4
Invok: Berserk           |       |       |     1 ||     1
 Abil: Evoke Flight      |       |     1 |       ||     1
  Use: Scroll            |       |     8 |       ||     8
       Potion            |       |     3 |       ||     3
 Stab: Sleeping          |     1 |     4 |     1 ||     6
       Distracted        |       |       |     1 ||     1
  Eat: Chunk             |     4 |     8 |     3 ||    15
Armor: Robe              |    70 |    79 |    17 ||   166
Dodge: Dodged            |    99 |   171 |    25 ||   295
